 Dungeon Crawl Stone Soup version 0.14-a0-1444-g21dc12d (webtiles) character file.

2 4tharraofdagon the Firebug (level 1, -2/14 HPs)
             Began as a Centaur Fire Elementalist on Dec 12, 2013.
             Slain by a giant gecko (3 damage)
             ... while paralysed by a potion of paralysis
             ... on Level 2 of the Dungeon.
             The game lasted 00:01:02 (235 turns).

4tharraofdagon the Firebug (CeFE)                    Turns: 235, Time: 00:01:03

HP  -2/14        AC  4     Str 10      XL: 1   Next: 33%
MP   2/2         EV  1     Int 14      God:
Gold 0           SH  0     Dex  9      Spells:  1 memorised,  2 levels left

rFire  . . .     SeeInvis .     f - +3,+0 elf whip
rCold  . . .     Clarity  .     a - +0 robe
rNeg   . . .     Conserve .     (no shield)
rPois  .         rCorr    .     (no helmet)
rElec  .         rRot     .     (no cloak)
SustAb . .       Spirit   .     (no gloves)
rMut   .         Warding  .     (no barding)
Saprov . . .     Stasis   .     (no amulet)
                                (no ring)
                                (no ring)

@: paralysed, very quick, not resistant to hostile enchantments, very unstealthy
A: hooves 3, deformed body, herbivore 1, speed 2, fast metabolism 1, tough skin
3
a: no special abilities


You were on level 2 of the Dungeon.
You were not hungry.

You visited 1 branch of the dungeon, and saw 2 of its levels.

Inventory:

Hand weapons
 f - a +3,+0 elven whip (weapon)
Armour
 a - a +0 robe (worn)
Comestibles
 c - 2 bread rations
 d - a meat ration
Scrolls
 e - a scroll of identify {unknown}
 g - a scroll of fear {unknown}
 h - a scroll of recharging {unknown}
 i - a scroll of enchant weapon I {unknown}
Potions
 k - a potion of mutation {unknown}
Books
 b - a book of Flames

   Spells                             Type                      Level
   *Flame Tongue                      Conjuration/Fire             1
   Throw Flame                        Conjuration/Fire             2
   Conjure Flame                      Conjuration/Fire             3
   Inner Flame                        Hexes/Fire                   3
   Sticky Flame                       Conjuration/Fire             4
   Fireball                           Conjuration/Fire             5


   Skills:
 - Level 1.3 Dodging
 - Level 1.2 Stealth
 + Level 1.6 Spellcasting
 * Level 1.1 Conjurations
 * Level 2.7 Fire Magic


You had 2 spell levels left.
You knew the following spells:

 Your Spells              Type           Power        Failure   Level  Hunger
a - Flame Tongue          Conj/Fire      #....        14%         1    ##.....


Dungeon Overview and Level Annotations

Branches:
Dungeon (2/16)

Altars:


Innate Abilities, Weirdness & Mutations

You have hooves in place of feet.
Armour fits poorly on your strangely shaped body.
You digest meat inefficiently.
You cover ground very quickly.
You have a fast metabolism.
You have extremely tough skin (AC +3).


Message History

Casting: Flame Tongue
Confirm with . or Enter, or press ? or * to list all spells.
You don't have enough magic to cast that spell.
Unknown command.
The giant newt bites you but does no damage.
You hit the giant newt. You kick the giant newt.
You kill the giant newt!
You see here a sedimented inky potion.
j - a sedimented inky potion
There is a stone staircase leading down here.
You see here a metallic black potion.
k - a metallic black potion The giant gecko bites you but does no damage.
You see here a sling.
Drink which item? (? for menu, Esc to quit)
You suddenly lose the ability to move!
It was a potion of paralysis.
The giant gecko bites you.
* * * LOW HITPOINT WARNING * * *
The giant gecko bites you.
You die...

####...............>...##...g....
#....<..............##..####.#
######.######s...?.?.)..####.#
#.# #g.......(..[.K... #.#
#.##.#####(.####.# ##w#
#S##...s.......... ########..#
#)########..#####.
.........#######l# #..# .
.###..........##@# ###..#
.####.##.####.##.# #..%.# ......
#.# #.##w# #.#.## ..... #.#
#.##.# #.#<# .###
#.####....######.#.# #
#..............(.#.#
#.################.# #.# #.# ..#
#.#


You could see a worm, an adder, a giant gecko, a giant cockroach and a
hobgoblin.

Vanquished Creatures
  A giant newt (D:2)
  A kobold (D:2)
  2 rats (D:2)
4 creatures vanquished.

Notes
Turn   | Place    | Note
--------------------------------------------------------------
     0 | D:1      | 4tharraofdagon, the Centaur Fire Elementalist, began the quest for the Orb.
     0 | D:1      | Reached XP level 1. HP: 14/14 MP: 2/2
     0 | D:1      | Noticed a merfolk zombie
     1 | D:1      | Noticed an octopode zombie
     3 | D:1      | Noticed a merfolk zombie
     8 | D:1      | Noticed an elf zombie
    10 | D:1      | Noticed a minotaur zombie
    12 | D:1      | Noticed a troll zombie
    13 | D:1      | Noticed a draconian zombie
    16 | D:1      | Noticed a centaur zombie
    16 | D:1      | Noticed a minotaur zombie
    16 | D:1      | Noticed a spriggan zombie
    18 | D:1      | Noticed a human zombie
    18 | D:1      | Noticed a merfolk zombie
    19 | D:1      | Noticed a spriggan zombie
   120 | D:2      | Reached skill level 1 in Conjurations
   233 | D:2      | Paralysed by a potion of paralysis for 4 turns
   235 | D:2      | Slain by a giant gecko

Action                   || total
-------------------------++-------
Melee: Whip              ||     2
 Cast: Flame Tongue      ||     5
  Use: Potion            ||     1
